 Dungeon Crawl Stone Soup version 0.26-a0-58-g79b31b8 (webtiles) character file.

Game seed: 6205011778335154663

89580 thirtiethelement the Blocker (level 15, 0/120 HPs)
             Began as a Gnoll Fighter on June 8, 2020.
             Was the Champion of Okawaru.
             Succumbed to a black mamba's poison
             ... on level 1 of the Snake Pit.
             The game lasted 01:12:34 (27309 turns).

thirtiethelement the Blocker (Gnoll Fighter)       Turns: 27309, Time: 01:12:35

Health: 0/120      AC: 33    Str: 22    XL:     15   Next: 97%
Magic:  28/38      EV: 14    Int: 11    God:    Okawaru [******]
Gold:   413        SH: 15    Dex: 17    Spells: 24/34 levels left

rFire    + . .     SeeInvis +   P - +6 morningstar (protect)
rCold    + + .     Gourm    .   n - +2 shield of Resistance {rF+ rC+ MR+}
rNeg     . . .     Faith    .   B - +6 chain mail of the Hot Ocelot {Dex+5}
rPois    +         Spirit   +   D - +2 helmet
rElec    +         Reflect  .   k - +2 cloak
rCorr    .         Harm     .   I - +0 pair of gloves of Conscience {MP+9}
MR       ++...                  x - +1 pair of boots
Stlth    ++........             R - amulet of guardian spirit
HPRegen  0.30/turn              b - ring "Mawn" {+Fly rElec rPois Str-3 Dex-2}
MPRegen  0.26/turn              K - +4 ring of protection

@: lethally poisoned (0 -> -17)
A: distributed training, fangs 1, see invisible, cold resistance 1, strong nose
a: Heroism, Finesse, Renounce Religion, Evoke Flight


You were on level 1 of the Snake Pit.
You worshipped Okawaru.
Okawaru was exalted by your worship.
You were not hungry.

You visited 5 branches of the dungeon, and saw 22 of its levels.

You collected 2744 gold pieces.
You spent 2331 gold pieces at shops.

Inventory:

Hand Weapons
 g - the +4 great sword "Goblin's Demise" {elec, rC+ Int+2}
   (Okawaru gifted it to you on level 1 of the Snake Pit)

   Occasionally, upon striking a foe, it will discharge some electrical energy
   and cause terrible harm.
   It affects your intelligence (+2).
   It protects you from cold.
 J - a +3 glaive of venom
 P - a +6 morningstar of protection (weapon)
Missiles
 m - 11 boomerangs (quivered)
Armour
 k - a +2 cloak (worn)
 n - the +2 shield of Resistance (worn) {rF+ rC+ MR+}
   (You bought it in a shop on level 2 of the Orcish Mines)

   It protects you from fire.
   It protects you from cold.
   It affects your resistance to hostile enchantments.
 x - a +1 pair of boots (worn)
 B - the +6 chain mail of the Hot Ocelot (worn) {Dex+5}
   (You found it on level 2 of the Orcish Mines)

   It affects your dexterity (+5).
 D - a +2 helmet (worn)
 I - the +0 pair of gloves of Conscience (worn) {MP+9}
   (You bought it in a shop on level 6 of the Dungeon)

   It affects your magic capacity (+9).
 L - a +1 plate armour of fire resistance
 Q - a +2 chain mail of cold resistance
Jewellery
 b - the ring "Mawn" (left hand) {+Fly rElec rPois Str-3 Dex-2}
   (You found it on level 2 of the Orcish Mines)

   [ring of flight]

   It affects your strength (-3).
   It affects your dexterity (-2).
   It insulates you from electricity.
   It protects you from poison.
   It lets you fly.
 c - a +4 ring of evasion {unknown}
 h - an uncursed ring of see invisible {unknown}
 r - an uncursed ring of stealth
 s - a cursed -4 ring of evasion {unknown}
 t - an uncursed ring of magical power
 E - an uncursed ring of fire
 H - a +6 ring of intelligence
 K - a +4 ring of protection (right hand)
 R - an amulet of guardian spirit (around neck)
 Y - an uncursed ring of protection from magic {unknown}
Wands
 q - a wand of random effects (20)
 u - a wand of polymorph (11)
 z - a wand of flame (9)
 A - a wand of paralysis (17)
 M - a wand of digging (4)
 N - a wand of disintegration (12)
 O - a wand of acid (5)
 V - a wand of iceblast (4)
 X - a wand of enslavement (11)
Scrolls
 a - a scroll of holy word
 e - a scroll of blinking
 o - 7 scrolls of remove curse
 w - 2 scrolls of teleportation
 y - 2 scrolls of enchant weapon
 C - 2 scrolls of amnesia
 G - 2 scrolls of fear
 U - 3 scrolls of brand weapon
Potions
 d - 5 potions of might
 i - 2 potions of resistance
 j - 3 potions of brilliance
 l - 3 potions of lignification
 p - a potion of haste
 v - 3 potions of stabbing
 S - 3 potions of flight
 T - a potion of cancellation
Miscellaneous
 W - a lightning rod (4/4)
Comestibles
 f - 26 rations


   Skills:
 + Level 12.0 Fighting
 + Level 10.3 Short Blades
 + Level 10.3 Long Blades
 + Level 11.2 Axes
 + Level 10.3 Maces & Flails
 + Level 10.3 Polearms
 + Level 10.3 Staves
 + Level 10.3 Slings
 + Level 10.3 Bows
 + Level 10.3 Crossbows
 + Level 10.3 Throwing
 + Level 12.0 Armour
 + Level 10.3 Dodging
 + Level 10.3 Stealth
 + Level 12.0 Shields
 + Level 10.3 Unarmed Combat
 + Level 10.3 Spellcasting
 + Level 8.7 Conjurations
 + Level 8.7 Hexes
 + Level 8.7 Charms
 + Level 8.7 Summonings
 + Level 8.7 Necromancy
 + Level 8.7 Translocations
 + Level 8.7 Transmutations
 + Level 8.7 Fire Magic
 + Level 8.7 Ice Magic
 + Level 8.7 Air Magic
 + Level 8.7 Earth Magic
 + Level 8.7 Poison Magic
 + Level 11.1 Invocations
 + Level 10.3 Evocations


You had 24 spell levels left.
You knew the following spells:

 Your Spells              Type           Power        Failure   Level  Hunger
a - Mephitic Cloud        Conj/Pois/Air  ###.....     9%          3    ##.....
b - Fulminant Prism       Conj/Hex       ###.......   28%         4    ####...
c - Static Discharge      Conj/Air       ###.....     9%          3    ##.....

Your spell library contained the following spells:

 Spells                   Type           Power        Failure   Level  Hunger
 Corona                   Hex            ###....      2%          1    None
 Magic Dart               Conj           ###.         2%          1    None
 Sandblast                Erth           ###...       2%          1    None
 Shock                    Conj/Air       ###.         2%          1    None
 Blink                    Tloc           N/A          4%          2    None
 Call Imp                 Summ           ###.....     4%          2    None
 Corpse Rot               Necr/Air       N/A          4%          2    None
 Passwall                 Tmut/Erth      ###.....     4%          2    None
 Poisonous Vapours        Pois/Air       ###...       4%          2    None
 Searing Ray              Conj           ###...       4%          2    None
 Slow                     Hex            ###.....     4%          2    None
 Swiftness                Chrm/Air       ###.....     4%          2    None
 Confusing Touch          Hex            ###.....     9%          3    ##.....
 Conjure Flame            Conj/Fire      ###.....     9%          3    ##.....
 Dazzling Flash           Conj/Hex       ###...       9%          3    ##.....
 Gell's Gravitas          Tloc           ###.......   9%          3    ##.....
 Inner Flame              Hex/Fire       ###.....     9%          3    ##.....
 Portal Projectile        Hex/Tloc       ###...       9%          3    ##.....
 Stone Arrow              Conj/Erth      ###...       9%          3    ##.....
 Airstrike                Air            ###.......   28%         4    ####...
 Cause Fear               Hex            ###.......   28%         4    ####...
 Iskenderun's Mystic Bla  Conj/Tloc      ###.....     28%         4    ####...
 Leda's Liquefaction      Hex/Erth       ###.......   28%         4    ####...
 Petrify                  Tmut/Erth      ###.....     28%         4    ####...
 Bolt of Magma            Conj/Fire/Erth ###.......   61%         5    #####..
 Iskenderun's Battlesphe  Conj/Chrm      ###.....     61%         5    #####..
 Lee's Rapid Deconstruct  Erth           ###.......   61%         5    #####..
 Lightning Bolt           Conj/Air       ###.......   61%         5    #####..
 Metabolic Englaciation   Hex/Ice        ###.......   61%         5    #####..
 Summon Forest            Summ/Tloc      ###.......   61%         5    #####..
 Yara's Violent Unravell  Hex/Tmut       ###.......   61%         5    #####..
 Eringya's Noxious Bog    Tmut/Pois      ###.......   99%         6    #######
 Freezing Cloud           Conj/Ice/Air   ###.......   99%         6    #######
 Hydra Form               Tmut           ###.......   99%         6    #######
 Iron Shot                Conj/Erth      ###.......   99%         6    #######
 Malign Gateway           Summ/Tloc      ###.......   100%        7    #######
 Monstrous Menagerie      Summ           ###.......   100%        7    #######
 Orb of Destruction       Conj           ###.......   100%        7    #######
 Ring of Flames           Chrm/Fire      ###.......   100%        7    #######
 Spellforged Servitor     Conj/Summ      ###.......   100%        7    #######
 Summon Greater Demon     Summ           ###.......   100%        7    #######
 Summon Hydra             Summ           ###.......   100%        7    #######
 Ignition                 Fire           ###.......   100%        8    #######
 Summon Horrible Things   Summ           ###.......   100%        8    #######
 Shatter                  Erth           ###.......   100%        9    #######
 Tornado                  Air            ###.......   100%        9    #######


Dungeon Overview and Level Annotations

Branches:
Dungeon (12/15)            Temple (1/1) D:4            Lair (6/6) D:11
 Shoals (0/4) Lair:2        Snake (1/4) Lair:2        Slime (0/5) Lair:6
    Orc (2/2) D:9             Elf (0/3) Orc:2

Altars:
Ashenzari
Cheibriados
Dithmenos
Elyvilon
Fedhas
Gozag
Hepliaklqana
Kikubaaqudgha
Makhleb
Nemelex Xobeh
Okawaru
Qazlal
Ru
Sif Muna
Trog
Uskayaw
Vehumet
Wu Jian
Xom
Yredelemnul
Zin
The Shining One

Shops:
D:4 ?   D:6 [   D:7 *   D:8 =   Orc:2 [:*   Snake:1 }


Innate Abilities, Weirdness & Mutations

Your experience applies equally to all skills.
You have very sharp teeth.
Your uncanny sense of smell can sniff out nearby items.
You have supernaturally acute eyesight. (SInv)
Your flesh is cold resistant. (rC+)


Message History

Okay, then.
Unknown command.
* * * LOW HITPOINT WARNING * * *
You feel very sick.
* * * LOW HITPOINT WARNING * * *
You feel sick.
* * * LOW HITPOINT WARNING * * *
You feel sick.
You eat one of the 27 rations.
That ration really hit the spot!
* * * LOW HITPOINT WARNING * * *
You feel very sick.
Your magical effects are unravelling.
You feel magically purged.
You feel less wooden.
Your +2 cloak unmelds from your body.
Your +2 helmet unmelds from your body.
The +0 pair of gloves of Conscience {MP+9} unmelds from your body.
Your +1 pair of boots unmelds from your body.
The +6 chain mail of the Hot Ocelot {Dex+5} unmelds from your body.
You feel less vulnerable to poison.
You die...

##....#.......# ##.##(....
.###........#########..#......
#............# #....##......
####..##...#.######...###...#.#
##......#...[......# ##.....
##.#............#### ####..
#.....###.......##########..
#.......†...^.(....##...##.#
............@).(............#
.........†#######............
............# ######...>..#
..###.....)### ######..
.........†...# #..
#####....###.# ##### #..
#....###.###...# ###
###..(.##..##...########.
...........S..............


There were no monsters in sight!

Vanquished Creatures
  Rupert (Lair:3)
  2 nagarajas (Snake:1)
  An orc warlord (Orc:2)
  The ghost of RBrandon the Demonic Cataclysm, a journeyman DsFE of Qazlal (Orc:2)
  3 hydras
  3 naga warriors (Snake:1)
  An alligator (D:12)
  2 anacondas (Snake:1)
  A centaur warrior (D:7)
  2 two-headed ogres (D:11)
  15 death yaks
  An orc high priest (Orc:2)
  A shock serpent (Snake:1)
  A naga sharpshooter (Snake:1)
  2 unseen horrors
  A naga ritualist (Snake:1)
  An obsidian statue (D:11)
  6 orc knights
  3 orc sorcerers
  An ugly thing (D:12)
  2 cyclopes
  3 oklob plants
  2 moths of wrath (Orc:2)
  2 salamanders (Snake:1)
  14 elephants
  10 black mambas
  2 centaur zombies (D:12)
  A guardian serpent (Lair:2)
  3 naga magi (Snake:1)
  A kobold demonologist (D:10)
  27 spiny frogs
  4 komodo dragons
  2 rime drakes
  A merfolk (D:10)
  2 polar bears
  3 trolls
  4 tyrant leeches (Lair:5)
  13 dream sheep
  Prince Ribbit (D:8)
  41 blink frogs
  8 hippogriffs
  The ghost of snackwell the Magician, an amateur OpWz (D:3)
  A shadow (D:12)
  19 yaks
  A spriggan (Lair:2)
  Sigmund (D:6)
  5 wyverns
  A hungry ghost (D:7)
  3 basilisks
  10 vampire mosquitoes
  6 wargs (Orc:2)
  12 nagas (Snake:1)
  6 porcupines
  5 water moccasins
  5 ice beasts
  A swamp drake (D:9)
  24 orc warriors
  A sky beast (D:12)
  2 black bears
  11 ogres
  3 phantoms
  2 necrophages
  13 wolves
  9 crocodiles
  8 centaurs
  4 big kobolds
  27 bullfrogs
  2 wyvern skeletons
  2 scorpions
  6 killer bees (D:9)
  4 wights (D:10)
  5 howler monkeys
  2 electric eels
  12 crimson imps
  12 orc priests
  2 bullfrog skeletons
  A centaur skeleton (D:4)
  Crazy Yiuf (D:6)
  8 hounds
  7 jellies
  23 orc wizards
  Ijyb (D:3)
  3 iguanas
  13 worker ants
  A killer bee zombie (D:8)
  2 hound zombies
  A hound skeleton (D:4)
  A howler monkey zombie (D:8)
  16 adders
  4 shadow imps
  2 white imps (D:10)
  An adder zombie (D:6)
  2 adder skeletons
  5 worms
  2 dart slugs
  5 leopard geckos
  66 orcs
  2 ball pythons
  8 bats
  8 giant cockroaches
  10 hobgoblins
  7 jackals
  6 quokkas
  5 frilled lizards
  A giant cockroach zombie (D:5)
  8 goblins
  A jackal zombie (D:5)
  25 kobolds
  A quokka skeleton (D:8)
  13 rats
  A bush (Lair:3)
  A fungus (D:11)
  A plant (Lair:1)
686 creatures vanquished.

Vanquished Creatures (others)
  A naga mage (Snake:1)
  An orc warrior (D:9)
  2 bushes (Lair:6)
  17 fungi
  55 plants
  2 withered plants (D:3)
78 creatures vanquished.

Grand Total: 764 creatures vanquished

Notes
Turn   | Place    | Note
-------+----------+-------------------------------------------
     0 | D:1      | thirtiethelement the Gnoll Fighter began the quest for the
                  | Orb.
     0 | D:1      | Reached XP level 1. HP: 23/23 MP: 1/1
   149 | D:1      | Reached XP level 2. HP: 29/29 MP: 2/2
   345 | D:1      | Reached XP level 3. HP: 28/35 MP: 3/3
   891 | D:2      | Reached skill level 1 in Invocations
   998 | D:2      | Reached skill level 1 in Short Blades
   998 | D:2      | Reached skill level 1 in Long Blades
   998 | D:2      | Reached skill level 1 in Maces & Flails
   998 | D:2      | Reached skill level 1 in Polearms
   998 | D:2      | Reached skill level 1 in Staves
   998 | D:2      | Reached skill level 1 in Slings
   998 | D:2      | Reached skill level 1 in Bows
   998 | D:2      | Reached skill level 1 in Crossbows
   998 | D:2      | Reached skill level 1 in Throwing
   998 | D:2      | Reached skill level 1 in Dodging
   998 | D:2      | Reached skill level 1 in Stealth
   998 | D:2      | Reached skill level 1 in Unarmed Combat
   998 | D:2      | Reached skill level 1 in Spellcasting
   998 | D:2      | Reached skill level 1 in Evocations
  1000 | D:2      | Reached XP level 4. HP: 40/41 MP: 5/5
  1454 | D:3      | Noticed Ijyb
  1492 | D:3      | Reached skill level 1 in Conjurations
  1492 | D:3      | Reached skill level 1 in Hexes
  1492 | D:3      | Reached skill level 1 in Charms
  1492 | D:3      | Reached skill level 1 in Summonings
  1492 | D:3      | Reached skill level 1 in Necromancy
  1492 | D:3      | Reached skill level 1 in Translocations
  1492 | D:3      | Reached skill level 1 in Transmutations
  1492 | D:3      | Reached skill level 1 in Fire Magic
  1492 | D:3      | Reached skill level 1 in Ice Magic
  1492 | D:3      | Reached skill level 1 in Air Magic
  1492 | D:3      | Reached skill level 1 in Earth Magic
  1492 | D:3      | Reached skill level 1 in Poison Magic
  1514 | D:3      | Killed Ijyb
  1514 | D:3      | Reached XP level 5. HP: 43/47 MP: 6/6
  1681 | D:3      | Found a runed translucent door.
  1685 | D:3      | Noticed snackwell's ghost (amateur OpWz)
  2154 | D:3      | Killed snackwell's ghost
  2154 | D:3      | Reached skill level 5 in Axes
  2154 | D:3      | Reached XP level 6. HP: 44/53 MP: 9/9
  2267 | D:4      | Found Oshrod's Magic Scroll Shop.
  2270 | D:4      | Bought a scroll of identify for 26 gold pieces
  2270 | D:4      | Bought a scroll of identify for 26 gold pieces
  2270 | D:4      | Bought a scroll of identify for 26 gold pieces
  2270 | D:4      | Bought a scroll of identify for 26 gold pieces
  2270 | D:4      | Bought a scroll of identify for 26 gold pieces
  2662 | D:4      | Reached XP level 7. HP: 51/59 MP: 10/10
  3434 | D:4      | Found a staircase to the Ecumenical Temple.
  3441 | Temple   | Entered the Ecumenical Temple
  3535 | Temple   | Became a worshipper of Warmaster Okawaru
  3589 | D:5      | Entered Level 5 of the Dungeon
  3754 | D:5      | Reached XP level 8. HP: 19/67 MP: 12/12
  4342 | D:5      | Found an ancient bone altar of Kikubaaqudgha.
  4344 | D:5      | Found a shimmering blue altar of Sif Muna.
  4481 | D:5      | Found a white marble altar of Elyvilon.
  4533 | D:5      | Found a stormy altar of Qazlal.
  4533 | D:5      | Found a snail-covered altar of Cheibriados.
  4533 | D:5      | Found a blossoming altar of Fedhas.
  4534 | D:5      | Found a burning altar of Makhleb.
  4535 | D:5      | Found a shadowy altar of Dithmenos.
  4536 | D:5      | Found an opulent altar of Gozag.
  4804 | D:6      | Noticed Sigmund
  4810 | D:6      | Killed Sigmund
  4810 | D:6      | Reached * piety under Okawaru
  4882 | D:6      | Found a runed translucent door.
  4883 | D:6      | Noticed Crazy Yiuf
  4990 | D:6      | Killed Crazy Yiuf
  5100 | D:6      | Found Joromut's Antique Armour Shoppe.
  5572 | D:6      | Found a hazy altar of Hepliaklqana.
  6030 | D:7      | Reached ** piety under Okawaru
  6030 | D:7      | Reached XP level 9. HP: 66/71 MP: 14/14
  6071 | D:7      | Noticed a centaur warrior
  6072 | D:7      | Noticed a cyclops
  6087 | D:7      | Killed a centaur warrior
  6087 | D:7      | Reached *** piety under Okawaru
  6096 | D:7      | Killed a cyclops
  6096 | D:7      | Reached **** piety under Okawaru
  6438 | D:7      | Reached skill level 5 in Invocations
  6625 | D:7      | Reached XP level 10. HP: 61/79 MP: 17/17
  6802 | D:7      | Found Ulopn's Assorted Antiques.
  6860 | D:7      | Bought a scroll labeled UNOUKH FEFUGH for 26 gold pieces
  7001 | D:7      | Identified a scroll of acquirement
  7161 | D:7      | Bought 3 scrolls of enchant armour for 585 gold pieces
  7245 | D:6      | Bought a pair of scorched gloves for 275 gold pieces
  7255 | D:6      | Identified the +0 pair of gloves of Conscience {MP+9} (You
                  | bought it in a shop on level 6 of the Dungeon)
  7412 | D:8      | Noticed Prince Ribbit
  7418 | D:8      | Killed Prince Ribbit
  7418 | D:8      | Reached ***** piety under Okawaru
  7418 | D:8      | Reached skill level 5 in Short Blades
  7418 | D:8      | Reached skill level 5 in Long Blades
  7418 | D:8      | Reached skill level 5 in Maces & Flails
  7418 | D:8      | Reached skill level 5 in Polearms
  7418 | D:8      | Reached skill level 5 in Staves
  7418 | D:8      | Reached skill level 5 in Slings
  7418 | D:8      | Reached skill level 5 in Bows
  7418 | D:8      | Reached skill level 5 in Crossbows
  7418 | D:8      | Reached skill level 5 in Throwing
  7418 | D:8      | Reached skill level 5 in Dodging
  7418 | D:8      | Reached skill level 5 in Stealth
  7418 | D:8      | Reached skill level 5 in Unarmed Combat
  7418 | D:8      | Reached skill level 5 in Spellcasting
  7418 | D:8      | Reached skill level 5 in Evocations
  7476 | D:8      | Found Vodyergh's Jewellery Boutique.
  8267 | D:9      | Received a gift from Okawaru
  8495 | D:9      | You fall into a shaft and drop 3 floors!
  8523 | D:12     | Killed an unseen horror
  8529 | D:12     | Noticed an eight-headed hydra
  8628 | D:12     | Reached XP level 11. HP: 44/86 MP: 19/19
  9067 | D:12     | Noticed an alligator
  9067 | D:12     | a nine-headed hydra changed into an alligator
  9075 | D:12     | Killed an alligator
  9106 | D:12     | Noticed a purple ugly thing
  9128 | D:12     | Killed a purple ugly thing
  9128 | D:12     | Reached skill level 5 in Conjurations
  9128 | D:12     | Reached skill level 5 in Hexes
  9128 | D:12     | Reached skill level 5 in Charms
  9128 | D:12     | Reached skill level 5 in Summonings
  9128 | D:12     | Reached skill level 5 in Necromancy
  9128 | D:12     | Reached skill level 5 in Translocations
  9128 | D:12     | Reached skill level 5 in Transmutations
  9128 | D:12     | Reached skill level 5 in Fire Magic
  9128 | D:12     | Reached skill level 5 in Ice Magic
  9128 | D:12     | Reached skill level 5 in Air Magic
  9128 | D:12     | Reached skill level 5 in Earth Magic
  9128 | D:12     | Reached skill level 5 in Poison Magic
  9130 | D:12     | Received a gift from Okawaru
  9144 | D:12     | Gained mutation: You have supernaturally acute eyesight.
                  | (SInv) [potion of mutation]
  9144 | D:12     | Gained mutation: Your flesh is cold resistant. (rC+)
                  | [potion of mutation]
  9317 | D:11     | Noticed a cyclops
  9317 | D:11     | Noticed a two-headed ogre
  9332 | D:11     | Killed a cyclops
  9352 | D:11     | Noticed an obsidian statue
  9360 | D:11     | Noticed a two-headed ogre
  9371 | D:10     | Entered Level 10 of the Dungeon
  9554 | D:9      | Learned a level 3 spell: Mephitic Cloud
  9559 | D:9      | Learned a level 4 spell: Fulminant Prism
  9930 | D:9      | Found a stormy altar of Qazlal.
 10359 | D:9      | Found a staircase to the Orcish Mines.
 11943 | D:11     | Reached XP level 12. HP: 96/96 MP: 22/22
 12032 | D:11     | Found a staircase to the Lair.
 12126 | D:11     | Learned a level 3 spell: Static Discharge
 12188 | D:11     | Killed a two-headed ogre
 12508 | D:11     | Received a gift from Okawaru
 12678 | D:11     | Identified the +9 trident "Ogrebane" {vorpal, rC+ Int-5
                  | Dex+3 Stlth+} (You found it on level 11 of the Dungeon)
 12791 | D:11     | Killed a two-headed ogre
 12791 | D:11     | Reached ****** piety under Okawaru
 12795 | D:11     | Found a sacrificial altar of Ru.
 13478 | Orc:1    | Entered Level 1 of the Orcish Mines
 13586 | Orc:1    | Received a gift from Okawaru
 14135 | Orc:2    | Entered Level 2 of the Orcish Mines
 14135 | Orc:2    | Found a staircase to the Elven Halls.
 14168 | Orc:2    | Noticed an orc high priest
 14192 | Orc:2    | Killed an orc high priest
 14455 | Orc:1    | Received a gift from Okawaru
 14610 | Orc:2    | Found a transporter.
 14624 | Orc:2    | Noticed RBrandon's ghost (journeyman DsFE)
 14648 | Orc:2    | Reached skill level 10 in Fighting
 14648 | Orc:2    | Reached skill level 10 in Armour
 14648 | Orc:2    | Reached skill level 10 in Shields
 14657 | Orc:2    | Found a transporter.
 14666 | Orc:2    | Found Zagatz's General Store.
 15040 | Orc:2    | Killed RBrandon's ghost
 15040 | Orc:2    | Reached XP level 13. HP: 88/103 MP: 24/24
 15047 | Orc:2    | Got a pitted iron ring
 15054 | Orc:2    | Got a distressingly furry chain mail
 15069 | Orc:2    | Identified the +6 chain mail of the Hot Ocelot {Dex+5} (You
                  | found it on level 2 of the Orcish Mines)
 15070 | Orc:2    | Identified the ring "Mawn" {+Fly rElec rPois Str-3 Dex-2}
                  | (You found it on level 2 of the Orcish Mines)
 15244 | Orc:2    | Found Pixkuoh's Antique Weapon Shoppe.
 15319 | Orc:2    | Found Cuocuc's Antique Armour Shoppe.
 15427 | Orc:2    | Noticed an orc warlord
 15659 | Orc:2    | Killed an orc warlord
 15934 | Orc:2    | Found Ubrisieg's Book Boutique.
 16248 | Orc:2    | Bought the +2 shield of Resistance {rF+ rC+ MR+} for 1315
                  | gold pieces
 16248 | Orc:2    | Found the +2 shield of Resistance {rF+ rC+ MR+}
 16366 | Lair:1   | Entered Level 1 of the Lair of Beasts
 16687 | Lair:1   | Received a gift from Okawaru
 17806 | Lair:2   | Found a staircase to the Snake Pit.
 17878 | Lair:2   | Received a gift from Okawaru
 18370 | Lair:2   | Received a gift from Okawaru
 18435 | Lair:2   | Found a staircase to the Shoals.
 18580 | Lair:3   | Reached XP level 14. HP: 102/111 MP: 26/26
 18757 | Lair:3   | Noticed Rupert
 18782 | Lair:3   | Killed Rupert
 18806 | Lair:3   | Reached skill level 10 in Axes
 20463 | Lair:4   | You fall into a shaft and drop 2 floors!
 20463 | Lair:6   | Entered Level 6 of the Lair of Beasts
 20527 | Lair:6   | Reached skill level 10 in Invocations
 20695 | Lair:6   | Received a gift from Okawaru
 20867 | Lair:6   | Received a gift from Okawaru
 20943 | Lair:5   | HP: 4/113 [death yak (12)]
 21676 | Lair:5   | Reached XP level 15. HP: 106/119 MP: 28/28
 22244 | Lair:4   | Received a gift from Okawaru
 23409 | Lair:5   | Received a gift from Okawaru
 24358 | Lair:5   | Received a gift from Okawaru
 24358 | Lair:5   | Reached skill level 10 in Short Blades
 24358 | Lair:5   | Reached skill level 10 in Long Blades
 24358 | Lair:5   | Reached skill level 10 in Maces & Flails
 24358 | Lair:5   | Reached skill level 10 in Polearms
 24358 | Lair:5   | Reached skill level 10 in Staves
 24358 | Lair:5   | Reached skill level 10 in Slings
 24358 | Lair:5   | Reached skill level 10 in Bows
 24358 | Lair:5   | Reached skill level 10 in Crossbows
 24358 | Lair:5   | Reached skill level 10 in Throwing
 24358 | Lair:5   | Reached skill level 10 in Dodging
 24358 | Lair:5   | Reached skill level 10 in Stealth
 24358 | Lair:5   | Reached skill level 10 in Unarmed Combat
 24358 | Lair:5   | Reached skill level 10 in Spellcasting
 24358 | Lair:5   | Reached skill level 10 in Evocations
 24994 | Lair:6   | Found a staircase to the Slime Pits.
 25080 | Lair:6   | Identified the cursed +1 ring mail "Ukuokom" {+Fly} (You
                  | found it on level 6 of the Lair of Beasts)
 25538 | Snake:1  | Entered Level 1 of the Snake Pit
 25581 | Snake:1  | Found Ifukeler's Gadget Boutique.
 25631 | Snake:1  | Received a gift from Okawaru
 26479 | Snake:1  | Received a gift from Okawaru
 26481 | Snake:1  | Noticed a nagaraja
 26498 | Snake:1  | Killed a nagaraja
 26508 | Snake:1  | Received a gift from Okawaru
 26519 | Snake:1  | Noticed a nagaraja
 26542 | Snake:1  | Killed a nagaraja
 26552 | Snake:1  | HP: 6/120 [poisoned by a naga mage (bolt of poison)]
 26553 | Snake:1  | HP: 2/120 [poisoned by a naga mage (bolt of poison)]
 26558 | Snake:1  | HP: 3/120 [poisoned by a naga mage (splash of poison)]
 26586 | Snake:1  | HP: 6/120 [poisoned by a naga mage (splash of poison)]
 26593 | Snake:1  | HP: 5/120 [poisoned by a naga mage (splash of poison)]
 26600 | Snake:1  | HP: 5/120 [poisoned by a naga mage (splash of poison)]
 26608 | Snake:1  | HP: 6/120 [poisoned by a naga mage (splash of poison)]
 27106 | Snake:1  | Got a slimy great sword {god gift}
 27107 | Snake:1  | Identified the +4 great sword "Goblin's Demise" {elec, rC+
                  | Int+2} (Okawaru gifted it to you on level 1 of the Snake
                  | Pit)
 27305 | Snake:1  | HP: 9/180 [poisoned by a black mamba]
 27308 | Snake:1  | HP: 3/180 [poisoned by a black mamba]
 27309 | Snake:1  | Succumbed to a black mamba's poison

Illustrated notes

Levels and vault maps discovered:
D:1:      minmay_arrival_arboretum_small, layout_loops_ring, minmay_bisected
D:2:      layout_rooms
D:3:      layout_rooms, first_ration, gammafunk_ghost_grave, uniq_ijyb
D:4:      layout_layer_cave, minmay_temple_entry_nine_rooms, serial_shops,
          kennysheep_mini_moat
D:5:      layout_basic, minitemple, nrook_pool_corridor,
          minmay_tree_intersection, mrwooster_statue_mirror, item_on_display_a
D:6:      layout_loops_cross, kennysheep_mini, serial_shops, shop, st_stairs_1,
          uniq_crazy_yiuf_cottage, uniq_sigmund
D:7:      minmay_the_grid_plus [minmay_the_grid_doors, minmay_the_grid_odd_star,
          minmay_the_grid_slots, minmay_the_grid_empty,
          minmay_the_grid_prize_diamond_cup], layout_rooms, serial_shops,
          nicolae_shop_overgrown_old_shop
D:8:      layout_gridville, serial_shops, shop, grunt_ministairs_2,
          uniq_prince_ribbit1
D:9:      layout_cave_pools, erik_orc_1, basic_altar
D:10:     layout_loops_corners, hangedman_fish_farm, minmay_nine_imps
D:11:     layout_rooms, grunt_lair_entry_orc_guard_hut, basic_altar,
          minmay_statue_bubble
D:12:     layout_basic
Temple:   nicolae_temple_hex_pool
Lair:1:   layout_cave_pods, minmay_lair_oklob_chamber, grunt_megastairs_2,
          serial_bayou_shore_b
Lair:2:   layout_cave_shapes, elwin_shoals_entry_rocks,
          minmay_snake_entry_spellcaster, grunt_forest_stairs_clearing
Lair:3:   layout_regular_city, minmay_lair_oklob_bushes, grunt_megastairs_1,
          infiniplex_staircase_pool_2, uniq_rupert
Lair:4:   layout_cave_shapes, serial_bayou_shore_a
Lair:5:   layout_regular_city, st_stairs_12, grunt_megastairs_5
Lair:6:   minmay_lair_end_frog_pond, layout_loops_ring, dpeg_slime_entry_corner,
          infiniplex_staircase_pool
Snake:1:  layout_misc_corridors, serial_shops, nicolae_shop_window_shopping,
          abandoned_shop, guppyfry_library_mini
Orc:1:    layout_caves
Orc:2:    grunt_orc_gardens, layout_caves, grunt_orc_garden, grunt_orc_garden,
          grunt_orc_garden, grunt_orc_garden, gammafunk_ghost_berserking_beasts,
          statue_in_the_mist_lemuel

Skill      XL: |  1  2  3  4  5  6  7  8  9 10 11 12 13 14 15 |
---------------+----------------------------------------------+-----
Invocations    | 1 2 3 4 5 6 7 8 9 10 11 | 11.1
Short Blades   | 1 2 3 4 5 6 7 8 9 10 | 10.3
Long Blades    | 1 2 3 4 5 6 7 8 9 10 | 10.3
Maces & Flails | 1 2 3 4 5 6 7 8 9 10 | 10.3
Polearms       | 1 2 3 4 5 6 7 8 9 10 | 10.3
Staves         | 1 2 3 4 5 6 7 8 9 10 | 10.3
Slings         | 1 2 3 4 5 6 7 8 9 10 | 10.3
Bows           | 1 2 3 4 5 6 7 8 9 10 | 10.3
Crossbows      | 1 2 3 4 5 6 7 8 9 10 | 10.3
Throwing       | 1 2 3 4 5 6 7 8 9 10 | 10.3
Dodging        | 1 2 3 4 5 6 7 8 9 10 | 10.3
Stealth        | 1 2 3 4 5 6 7 8 9 10 | 10.3
Unarmed Combat | 1 2 3 4 5 6 7 8 9 10 | 10.3
Spellcasting   | 1 2 3 4 5 6 7 8 9 10 | 10.3
Evocations     | 1 2 3 4 5 6 7 8 9 10 | 10.3
Conjurations   | 1 2 3 4 5 6 7 8 |  8.7
Hexes          | 1 2 3 4 5 6 7 8 |  8.7
Charms         | 1 2 3 4 5 6 7 8 |  8.7
Summonings     | 1 2 3 4 5 6 7 8 |  8.7
Necromancy     | 1 2 3 4 5 6 7 8 |  8.7
Translocations | 1 2 3 4 5 6 7 8 |  8.7
Transmutations | 1 2 3 4 5 6 7 8 |  8.7
Fire Magic     | 1 2 3 4 5 6 7 8 |  8.7
Ice Magic      | 1 2 3 4 5 6 7 8 |  8.7
Air Magic      | 1 2 3 4 5 6 7 8 |  8.7
Earth Magic    | 1 2 3 4 5 6 7 8 |  8.7
Poison Magic   | 1 2 3 4 5 6 7 8 |  8.7
Axes           | 5 6 7 8 9 10 11 | 11.2
Fighting       | 7 8 9 10 11 12 | 12.0
Armour         | 7 8 9 10 11 12 | 12.0
Shields        | 7 8 9 10 11 12 | 12.0

Action                   |  1- 3 |  4- 6 |  7- 9 | 10-12 | 13-15 || total
-------------------------+-------+-------+-------+-------+-------++-------
Melee: War axe           |   123 |   145 |   273 |   135 |       ||   676
       Bite              |    13 |    11 |    36 |    91 |   253 ||   404
       Unarmed           |       |    17 |       |       |       ||    17
       Glaive            |       |       |       |   319 |       ||   319
       Scimitar          |       |       |       |    57 |       ||    57
       Morningstar       |       |       |       |   340 |  1482 ||  1822
Throw: Boomerang         |       |       |     2 |    53 |   155 ||   210
 Cast: Static Discharge  |       |       |       |       |    12 ||    12
Invok: Heroism           |       |       |       |     5 |     4 ||     9
       Finesse           |       |       |       |     3 |     1 ||     4
Evoke: Wand              |       |       |     5 |     4 |    10 ||    19
  Use: Scroll            |       |    16 |     2 |    22 |     7 ||    47
       Potion            |       |       |       |     8 |     8 ||    16
 Stab: Sleeping          |       |       |     7 |    10 |     1 ||    18
       Paralysed         |       |       |    11 |     5 |       ||    16
       Distracted        |       |       |       |     1 |       ||     1
       Invisible         |       |       |       |       |     5 ||     5
  Eat: Chunk             |     1 |     5 |    13 |    20 |    22 ||    61
       Ration            |       |       |       |     4 |     6 ||    10
Armor: Scale mail        |    56 |    66 |    87 |       |       ||   209
       Skin              |       |     3 |       |       |       ||     3
       Ring mail         |       |       |    21 |   270 |       ||   291
       Plate armour      |       |       |       |   301 |       ||   301
       Chain mail        |       |       |       |       |  1021 ||  1021
Dodge: Dodged            |    43 |    48 |   151 |   651 |   956 ||  1849
Block: Kite shield       |    81 |    40 |       |    69 |  1491 ||  1681
       Buckler           |       |    21 |    86 |   166 |       ||   273
       Rpst.: Scimitar   |       |       |       |    10 |       ||    10

Table legend:
 A = Non-vault XP
 B = Vault XP
 C = Vault XP percentage of total XP
 D = Non-vault monster count
 E = Vault monster count
 F = Vault count percentage of total count
                 A         B        C        D         E       F
            +---------+---------+-------+---------+---------+-------
      Total |   81533 |   46439 |  36.3 |     523 |     162 |  23.6
            +---------+---------+-------+---------+---------+-------
        D:1 |      49 |       5 |   9.3 |      29 |       3 |   9.4
        D:2 |      50 |       0 |   0.0 |      20 |       0 |   0.0
        D:3 |     113 |     271 |  70.6 |      26 |       2 |   7.1
        D:4 |     447 |       0 |   0.0 |      25 |       0 |   0.0
        D:5 |     480 |       0 |   0.0 |      10 |       0 |   0.0
        D:6 |     405 |     259 |  39.0 |      11 |       3 |  21.4
        D:7 |    1149 |    2192 |  65.6 |      17 |      10 |  37.0
        D:8 |     875 |     264 |  23.2 |      24 |       1 |   4.0
        D:9 |    1609 |     584 |  26.6 |      25 |      17 |  40.5
       D:10 |    2530 |     571 |  18.4 |      31 |      10 |  24.4
       D:11 |    5611 |    1181 |  17.4 |      42 |       5 |  10.6
       D:12 |    5977 |       0 |   0.0 |      54 |       0 |   0.0
     Lair:1 |    5169 |    1263 |  19.6 |      24 |       3 |  11.1
     Lair:2 |    6512 |    1416 |  17.9 |      22 |       7 |  24.1
     Lair:3 |    7909 |    4249 |  34.9 |      20 |       5 |  20.0
     Lair:4 |    5462 |       0 |   0.0 |      18 |       0 |   0.0
     Lair:5 |   16181 |    4022 |  19.9 |      33 |      11 |  25.0
     Lair:6 |    8624 |    9750 |  53.1 |      38 |      39 |  50.6
    Snake:1 |   10395 |    7410 |  41.6 |      23 |      10 |  30.3
      Orc:1 |     635 |    1647 |  72.2 |      13 |       4 |  23.5
      Orc:2 |    1351 |   11355 |  89.4 |      18 |      32 |  64.0
            +---------+---------+-------+---------+---------+-------
